 Dungeon Crawl Stone Soup version 0.30-a0-737-gf23d94013f (webtiles) character file.

Game seed: 4395910640304260452

13216 MrRush the Severer (level 11, -10/105 HPs)
             Began as a Minotaur Fighter on Feb 1, 2023.
             Was an Elder of Okawaru.
             Mangled by a komodo dragon (23 damage)
             ... on level 1 of the Lair of Beasts.
             The game lasted 00:28:11 (11310 turns).

MrRush the Severer (Minotaur Fighter)              Turns: 11310, Time: 00:28:13

Health: -10/105    AC: 18    Str: 25    XL:     11   Next: 72%
Magic:  15/15      EV:  7    Int:  5    God:    Okawaru [****..]
Gold:   41         SH:  5    Dex: 16    Spells: 10/10 levels left

rFire   . . .      SeeInvis .    a - +0 broad axe (venom)
rCold   . . .      Faith    +    c - +0 buckler
rNeg    + . .      Spirit   .    w - +4 chain mail {rN+}
rPois   .          Reflect  .    (helmet restricted)
rElec   .          Harm     .    C - +1 cloak
rCorr   .          Rampage  .    q - +0 pair of gloves
Will    +....                    h - +1 pair of boots Stlth
                                 j - amulet of faith
HPRegen 0.37/turn                D - +6 ring of dexterity
MPRegen 0.14/turn                M - ring of willpower

@: no status effects
A: horns 2, retaliatory headbutt
a: Renounce Religion, Heroism, Finesse


You were on level 1 of the Lair of Beasts.
You worshipped Okawaru.
Okawaru was greatly pleased with you.
You visited 3 branches of the dungeon, and saw 13 of its levels.
You also visited: Bailey.

You collected 814 gold pieces.
You spent 773 gold pieces at shops.

Inventory:

Hand Weapons
 a - a +0 broad axe of venom (weapon)
 b - a +0 flail of venom
 L - a +0 war axe of venom
Missiles
 n - a throwing net
 p - 36 poisoned darts
 F - 4 boomerangs (quivered)
 J - a curare-tipped dart
Armour
 c - a +0 buckler (worn)
 h - a +1 pair of boots (worn)
 q - a +0 pair of gloves (worn)
 w - a +4 chain mail of positive energy (worn)
 C - a +1 cloak (worn)
Jewellery
 j - an amulet of faith (around neck)
 D - a +6 ring of dexterity (left hand)
 M - a ring of willpower (right hand)
Wands
 x - a wand of paralysis (10)
 I - a wand of roots (18)
Scrolls
 d - a scroll of magic mapping
 k - a scroll of silence {unknown}
 l - a scroll of immolation {unknown}
 o - 2 scrolls of enchant weapon {unknown}
 s - 3 scrolls of fog
 t - a scroll of blinking {unknown}
 v - a scroll of torment {unknown}
 A - a scroll of vulnerability {unknown}
 N - 3 scrolls of teleportation
Potions
 e - 2 potions of ambrosia
 f - 2 potions of magic
 m - 2 potions of brilliance
 r - 3 potions of lignification
 z - 2 potions of curing
 B - 3 potions of attraction
 E - 2 potions of flight
 G - a potion of haste {unknown}


   Skills:
 * Level 12.6 Fighting
 * Level 16.8 Axes
 + Level 3.8 Armour
 - Level 3.6 Shields
 + Level 7.2 Invocations


You had 10 spell levels left.
You didn't know any spells.
Your spell library contained the following spells:

 Spells                   Type           Power      Damage    Failure   Level
 Sting                    Tmut/Pois      0%         1d3       99%         1
 Ensorcelled Hibernation  Hex/Ice        0%         N/A       100%        2
 Poisonous Vapours        Pois/Air       0%         N/A       100%        2
 Spider Form              Tmut/Pois      0%         N/A       100%        3
 Anguish                  Hex/Necr       0%         N/A       100%        4
 Olgreb's Toxic Radiance  Pois           0%         N/A       100%        4
 Yara's Violent Unravell  Hex/Tmut       0%         3d3       100%        5
 Enfeeble                 Hex            0%         N/A       100%        7


Dungeon Overview and Level Annotations

Branches:
Dungeon (11/15) Zot: 25007  Temple (1/1) D:7 Zot: 5973    Lair (1/5) D:10 Zot: 5958
 Bailey (visited)
    Orc: D:9-12

Altars:
Fedhas
Kikubaaqudgha
Makhleb
Nemelex Xobeh
Okawaru
Qazlal
Vehumet
Wu Jian
Xom
Zin

Shops:
D:4 :   D:6 (   D:7 :[(!   D:10 (


Innate Abilities, Weirdness & Mutations

You have a pair of horns on your head.
You reflexively headbutt those who attack you in melee.


Message History

You hit the rime drake.
The rime drake looks as sick as possible!
Your headbutt misses the rime drake.
The rime drake is severely wounded.
You completely miss the komodo dragon. The komodo dragon barely misses you.
The rime drake barely misses you.
You hit the rime drake but do no damage.
The rime drake looks as sick as possible!
The rime drake is severely wounded.
You hit the komodo dragon but do no damage.
The komodo dragon looks even sicker.
The komodo dragon bites you!
* * * LOW HITPOINT WARNING * * *
The rime drake breathes ice at you. The icy flash freeze hits you!
* * * LOW HITPOINT WARNING * * *
You are encased in ice.
The electric eel shoots out a bolt of lightning at you!
The bolt of electricity hits you!
* * * LOW HITPOINT WARNING * * *
The rime drake bites you.
* * * LOW HITPOINT WARNING * * *
The komodo dragon closely misses you.
The electric eel shoots out a bolt of lightning at you!
The bolt of electricity hits you.
* * * LOW HITPOINT WARNING * * *
The komodo dragon attacks as you move away!
The komodo dragon bites you.
* * * LOW HITPOINT WARNING * * *
The ice encasing you melts away.
The rime drake bites you but does no damage.
You block the rime drake's attack.
You slash the rime drake!
You kill the rime drake!
Okawaru accepts your kill.
You slash the komodo dragon!
The komodo dragon looks as sick as possible!
The komodo dragon bites you!
* * * LOW HITPOINT WARNING * * *
You feel better. The komodo dragon bites you!!
You die...

..# ## ....# ####P#..
.....# ##.#......
......##....#....
.........#.......
♣♣....[..........
~P~~~~~P....#..#P
~P~PPP†.l....$...
≈≈~~~P~.†@.|.....
≈≈~P~~~^..#######
≈≈≈~~~~...#
≈≈SP~~....#
≈≈≈P~PP...##
≈≈P~~~~....#
≈≈P~~~P~..##########
~PP~~~~~...........###
~~P~~~†......<.......


You could see a komodo dragon (extremely poisoned) and an electric eel.

Vanquished Creatures
  3 two-headed ogres
  7 death yaks
  A komodo dragon (D:10)
  A rime drake (Lair:1)
  3 trolls
  A hornet (D:8)
  Sigmund (D:2)
  A shadow (D:11)
  A wraith (D:10)
  3 wyverns
  8 yaks
  4 vampire mosquitoes (D:11)
  2 steam dragons
  Edmund (D:6)
  2 acid dragons
  An ice beast (D:7)
  4 orc warriors
  2 black bears
  A centaur (D:10)
  An ogre (D:6)
  3 kobold brigands
  2 bullfrogs
  2 necrophages
  2 scorpions (D:5)
  11 wights
  An electric eel (Lair:1)
  2 howler monkeys
  3 hounds (D:5)
  5 orc priests
  2 gnoll boudas
  9 orc wizards
  7 iguanas
  10 adders
  12 gnolls
  A shadow imp (D:7)
  2 worms
  2 dart slugs
  30 orcs
  4 endoplasms
  2 giant cockroaches
  8 goblins
  7 hobgoblins
  4 jackals (D:2)
  A quokka (D:2)
  3 training dummies (D:10)
  7 ball pythons
  6 bats
  3 frilled lizards
  24 kobolds
  4 rats
227 creatures vanquished.

Vanquished Creatures (others)
  4 plants (Lair:1)
4 creatures vanquished.

Grand Total: 231 creatures vanquished

Notes
Turn   | Place    | Note
-------+----------+-------------------------------------------
     0 | D:1      | MrRush the Minotaur Fighter began the quest for the Orb.
     0 | D:1      | Reached XP level 1. HP: 19/19 MP: 0/0
    94 | D:1      | Reached skill level 3 in Axes
   181 | D:1      | Reached XP level 2. HP: 27/27 MP: 1/1
  1173 | D:2      | Reached XP level 3. HP: 33/33 MP: 2/2
  1254 | D:2      | Reached skill level 4 in Axes
  1300 | D:2      | Noticed Sigmund
  1316 | D:2      | Killed Sigmund
  1317 | D:2      | Reached skill level 5 in Fighting
  1317 | D:2      | Reached skill level 5 in Axes
  1317 | D:2      | Reached XP level 4. HP: 29/42 MP: 3/3
  1317 | D:2      | Reached XP level 5. HP: 34/48 MP: 4/4
  1772 | D:3      | Reached skill level 6 in Axes
  1891 | D:3      | Found a radiant altar of Vehumet.
  1908 | D:3      | Reached XP level 6. HP: 19/56 MP: 5/5
  2075 | D:3      | Found a faded altar of an unknown god.
  2747 | D:4      | Reached skill level 7 in Axes
  2766 | D:4      | Found Ukider Xeof's Book Shop.
  3328 | D:4      | Identified the +1 leather armour of the Volcano {Int+3}
  3427 | D:5      | Entered Level 5 of the Dungeon
  3441 | D:5      | Reached XP level 7. HP: 63/63 MP: 6/6
  3532 | D:5      | Reached skill level 8 in Axes
  3841 | D:5      | Reached skill level 9 in Axes
  4081 | D:6      | Noticed a troll
  4085 | D:6      | Killed a troll
  4086 | D:6      | Reached XP level 8. HP: 43/73 MP: 7/7
  4232 | D:6      | Reached skill level 10 in Axes
  4494 | D:6      | Found Ryovufro's Antique Weapon Emporium.
  4499 | D:6      | Bought a broad axe for 116 gold pieces
  4607 | D:6      | Noticed Edmund
  4614 | D:6      | Killed Edmund
  4815 | D:6      | Found a glowing silver altar of Zin.
  4990 | D:7      | Reached skill level 11 in Axes
  5091 | D:7      | Found Joiliet's Book Emporium.
  5100 | D:7      | Found Hous Ulugisk's Antique Armour Shoppe.
  5110 | D:7      | Bought a shiny chain mail for 262 gold pieces
  5258 | D:7      | Found Sesieh's Distillery.
  5272 | D:7      | Bought a potion of curing for 42 gold pieces
  5727 | D:7      | Found Iligrumi's Antique Weapon Boutique.
  5733 | D:7      | Reached XP level 9. HP: 67/82 MP: 8/8
  5847 | D:7      | Reached skill level 12 in Axes
  5895 | D:7      | Found a staircase to the Ecumenical Temple.
  5904 | Temple   | Entered the Ecumenical Temple
  5926 | Temple   | Became a worshipper of Warmaster Okawaru
  5964 | D:7      | Found a burning altar of Makhleb.
  6149 | D:7      | Identified a scroll of acquirement
  6176 | D:8      | Reached skill level 1 in Invocations
  6176 | D:8      | Reached * piety under Okawaru
  6618 | D:8      | Reached skill level 13 in Axes
  6772 | D:8      | Reached skill level 10 in Fighting
  7457 | D:9      | Reached ** piety under Okawaru
  7479 | D:9      | Found a flagged portal.
  7495 | Bailey   | Entered a bailey
  7709 | D:9      | Noticed a two-headed ogre
  7716 | D:9      | Reached XP level 10. HP: 81/93 MP: 11/11
  7737 | D:9      | Killed a two-headed ogre
  7737 | D:9      | Reached *** piety under Okawaru
  7738 | D:9      | Reached skill level 14 in Axes
  7871 | D:9      | Found an ornate altar of the Wu Jian Council.
  8600 | D:10     | Entered Level 10 of the Dungeon
  8678 | D:10     | Noticed a death yak
  8678 | D:10     | Noticed a death yak
  8679 | D:10     | Noticed a death yak
  8679 | D:10     | Noticed a death yak
  8681 | D:10     | Noticed a death yak
  8683 | D:10     | Noticed a death yak
  8690 | D:10     | Noticed a death yak
  8720 | D:10     | Reached **** piety under Okawaru
  8721 | D:10     | HP: 4/95 [centaur/arrow (5)]
  9094 | D:9      | Reached skill level 5 in Invocations
  9254 | D:11     | Noticed a cyclops
  9357 | D:10     | Reached skill level 15 in Axes
  9426 | D:10     | Found a sparkling altar of Nemelex Xobeh.
  9426 | D:10     | Noticed a two-headed ogre
  9446 | D:10     | Killed a two-headed ogre
  9640 | D:10     | Found a stormy altar of Qazlal.
  9740 | D:11     | Noticed a two-headed ogre
  9753 | D:11     | Reached XP level 11. HP: 76/103 MP: 6/14
  9754 | D:11     | Killed a two-headed ogre
 10002 | D:10     | Acquired a ring of willpower
 10043 | D:10     | Killed a death yak
 10117 | D:10     | Found Tyokuido's Firing Range.
 10229 | D:9      | Killed a death yak
 10230 | D:9      | Reached skill level 16 in Axes
 10373 | D:9      | Killed a death yak
 10373 | D:9      | Reached ***** piety under Okawaru
 10384 | D:9      | Killed a death yak
 10384 | D:9      | Received a gift from Okawaru
 10584 | D:10     | Found a staircase to the Lair.
 10624 | D:9      | Killed a death yak
 10717 | D:10     | Killed a death yak
 10719 | D:10     | Killed a death yak
 11060 | D:7      | Bought a pair of gloves for 157 gold pieces
 11107 | D:7      | Bought a potion of mutation for 112 gold pieces
 11107 | D:7      | Bought a potion of curing for 42 gold pieces
 11107 | D:7      | Bought a potion of attraction for 42 gold pieces
 11268 | Lair:1   | Entered Level 1 of the Lair of Beasts
 11310 | Lair:1   | Mangled by a komodo dragon

Illustrated notes

Levels and vault maps discovered:
D:1:      erik_arrival_triangle_small, layout_basic, chequers_big_river
D:2:      layout_basic, uniq_sigmund
D:3:      layout_basic, old_standard_altar, shapermc_ecumenical_altar_ellora,
          kennysheep_generic_room_2
D:4:      layout_basic, serial_shops, shop
D:5:      layout_gridville
D:6:      layout_loops_corners, mainiacjoe_overflow_alcove_2, serial_shops,
          nicolae_shop_hallway_plus, uniq_edmund
D:7:      layout_loops_corners, lemuel_coloured_pillars_altar,
          minmay_temple_entry_crystal_x, serial_shops, shop,
          nicolae_shop_crystal, nicolae_take_the_stairs, shop_coins
D:8:      layout_gridville
D:9:      layout_cave_pods, nicolae_wu_jian_wuxing_cycle, enter_bailey_5
D:10:     layout_cave_pools, jmf_multi_god_temple, dpeg_lair_monsters,
          nicolae_shop_firing_range
D:11:     layout_cave_pools, hellmonk_bongcloud_opening, guppyfry_shop_earth,
          uniq_amaemon
Temple:   kb_temple_of_zot
Lair:1:   layout_cave_pods, lemuel_fruit_fields, grunt_megastairs_3,
          serial_bayou_shore_a

Skill      XL: |  1  2  3  4  5  6  7  8  9 10 11 |
---------------+----------------------------------+-----
Axes           | 3 5 6 7 9 11 13 15 16 | 16.8
Fighting       | 4 5 6 7 8 10 11 12 | 12.6
Invocations    | 3 5 7 |  7.2
Armour         | |  3.8
Shields        | |  3.6

Action                     |  1- 3 |  4- 6 |  7- 9 | 10-12 || total
---------------------------+-------+-------+-------+-------++-------
  Melee: War axe           |    61 |    96 |   203 |   156 ||   516
         Headbutt          |     7 |    16 |    49 |    48 ||   120
         Broad axe         |       |       |       |     8 ||     8
  Throw: Dart              |       |       |       |     2 ||     2
         Stone             |       |       |       |     1 ||     1
         Boomerang         |       |       |       |     6 ||     6
 Invoke: Heroism           |       |       |       |     6 ||     6
         Finesse           |       |       |       |     2 ||     2
  Evoke: Wand              |       |       |     2 |     5 ||     7
    Use: Scroll            |     6 |     6 |     9 |     3 ||    24
         Potion            |     2 |     1 |     1 |     7 ||    11
   Stab: Paralysed         |       |       |     2 |       ||     2
 Armour: Scale mail        |    35 |    37 |    27 |       ||    99
         Chain mail        |       |       |    68 |    92 ||   160
  Dodge: Dodged            |    39 |    38 |    63 |    65 ||   205
  Block: Buckler           |    22 |    20 |    26 |    31 ||    99

Table legend: (Time is in decaauts)
 A = Elapsed time spent in this place.
 B = Non-inter-level travel time spent in this place.
 C = Inter-level travel time spent in this place.
 D = Time resting spent in this place.
 E = Time spent auto-exploring this place.
 F = Levels seen in this place.
 G = Mean time per level.
                   A        B        C        D        E       F      G
               +--------+--------+--------+--------+--------+-----+--------+
         Total |  11354 |  10365 |    989 |   1373 |   7159 |  14 |  811.0 |
       Dungeon |  11212 |  10223 |    989 |   1373 |   7127 |  11 | 1019.3 |
        Temple |     26 |     26 |      0 |      0 |     11 |   1 |   26.0 |
          Lair |     41 |     41 |      0 |      0 |     21 |   1 |   41.0 |
        Bailey |     74 |     74 |      0 |      0 |      0 |   1 |   74.0 |
               +--------+--------+--------+--------+--------+-----+--------+

Top non-repeatable levels by time:
     D:9: 1992 daAuts
    D:10: 1409 daAuts
     D:7: 1389 daAuts
     D:8: 1229 daAuts
     D:6: 1210 daAuts
     D:1: 958 daAuts
     D:3: 939 daAuts
     D:4: 810 daAuts
     D:2: 771 daAuts
     D:5: 428 daAuts
  Bailey: 74 daAuts
    D:11: 72 daAuts
  Lair:1: 41 daAuts
  Temple: 26 daAuts
